 Dungeon Sprint DCSS version 0.18.1-6-gd335043 (webtiles) character file.

26 Hipnos the Sneak (level 3, -14/21 HPs)
             Began as an Octopode Enchanter on May 19, 2016.
             Demolished by an ogre
             ... wielding a +0 giant club
              (21 damage)
             ... in the Dungeon (Sprint I: "Red Sonja").
             The game lasted 00:01:37 (225 turns).

Hipnos the Sneak (Octopode Enchanter)                Turns: 225, Time: 00:01:38

Health: -14/21     AC:  1    Str:  7    XL:     3   Next: 8%
Magic:  4/7        EV: 12    Int: 18    God:
Gold:   0          SH:  0    Dex: 12    Spells: 3 memorised, 1 level left

rFire  . . .     SeeInvis .     a - +1 dagger
rCold  . . .     Gourm    .     (no shield)
rNeg   . . .     Faith    .     (helmet restricted)
rPois  .         Spirit   .     (no amulet)
rElec  .         Dismiss  .     (no ring)
rCorr  .         Reflect  .     (no ring)
SustAt .         Harm     .     (no ring)
MR     .....     NoTele   +     (no ring)
Stlth  +++++.....               (no ring)
                                (no ring)
                                (no ring)
                                (no ring)

@: very slightly contaminated, not resistant to hostile enchantments, quite
stealthy
A: almost no armour, amphibious, 8 rings, constrict 8, camouflage 1, gelatinous
body 1
a: no special abilities


You were in the Dungeon.
You were not hungry.

You visited 1 branch

Inventory:

Hand Weapons
 a - a +1 dagger (weapon)
Wands
 j - a wand of slowing (18/48)
Potions
 d - a potion of curing
 f - a potion of haste
 g - a potion of magic
 h - a potion of berserk rage
Books
 b - a book of Maledictions

   Spells                             Type                      Level
   a - Corona                         Hexes                        1
   b - Ensorcelled Hibernation        Hexes/Ice                    2
   c - Confuse                        Hexes                        3
   d - Tukima's Dance                 Hexes                        3
   e - Dazzling Spray                 Conjuration/Hexes            3
Comestibles
 c - a bread ration


   Skills:
 + Level 1.1 Short Blades
 + Level 2.1 Dodging
 * Level 6.5 Stealth
 + Level 2.6 Spellcasting
 * Level 5.0 Hexes


You had one spell level left.
You knew the following spells:

 Your Spells              Type           Power        Failure   Level  Hunger
a - Corona                Hex            ###....      1%          1    #......
b - Ensorcelled Hibernat  Hex/Ice        ##....       12%         2    ##.....
c - Confuse               Hex            ###.....     10%         3    ###....


Dungeon Overview and Level Annotations

Branches:
Dungeon (1/1)

Altars:


Innate Abilities, Weirdness & Mutations

You cannot wear most types of armour.
You are amphibious.
You can wear up to eight rings at the same time.
You can use your tentacles to constrict eight enemies at once.
Your skin changes colour to match your surroundings (Stealth).
Your rubbery body absorbs attacks (AC +1).


Message History

Okay, then.
Read which item? (? for menu, Esc to quit)
Blink to where?
Press: ? - help, Dir - move target cursor, p - ogre You are very lightly contaminated with residual magic.
As you read the scroll of blinking, it crumbles to dust.
Drink which item? (? for menu, Esc to quit)
Magic courses through your body.
Casting: Ensorcelled Hibernation
Confirm with . or Enter, or press ? or * to list all spells.
Aiming: Confuse
Press: ? - help, Shift-Dir - straight line, f - ogre
Aim: an ogre, wielding a giant club (severely wounded, chance to defeat MR: 50%)
You miscast Confuse.
Nothing appears to happen.
Things that are here:
a scale mail; the goblin skeleton of Ijyb
There is an open door, spattered with blood here.
The ogre hits you with a giant club!!
Ouch! That really hurt!
You die...

##########
#<.#.[O..#
#..'..#@.+
#..#####+#
#..# #..#
#..# #⌠⌠#
####


You could see an ogre.

Vanquished Creatures
  Ijyb (D)
1 creature vanquished.

Notes
Turn   | Place    | Note
--------------------------------------------------------------
     0 | D        | Hipnos the Octopode Enchanter began the quest for the Orb.
     0 | D        | Reached XP level 1. HP: 11/11 MP: 3/3
     1 | D        | Noticed Ijyb
    12 | D        | Killed Ijyb
    12 | D        | Reached skill level 6 in Stealth
    12 | D        | Reached skill level 5 in Hexes
    12 | D        | Reached XP level 2. HP: 6/17 MP: 3/5
    12 | D        | Reached XP level 3. HP: 8/21 MP: 4/7
   199 | D        | Learned a level 2 spell: Ensorcelled Hibernation
   203 | D        | Learned a level 3 spell: Confuse
   204 | D        | Noticed an ogre
   206 | D        | HP: 1/21 [ogre/giant club (20)]
   225 | D        | Demolished by an ogre

Skill      XL: |  1 |
---------------+----+-----
Stealth        | 6 |  6.5
Hexes          | 5 |  5.0
Short Blades   | |  1.1
Dodging        | |  2.1
Spellcasting   | |  2.6

Action                   || total
-------------------------++-------
Melee: Dagger            ||    10
       Constrict         ||     1
       Tentacles         ||     1
 Cast: Confuse           ||     2
       Ensorcelled Hiber ||     1
  Use: Potion            ||     2
       Scroll            ||     1
 Stab: Sleeping          ||     2
Dodge: Dodged            ||     4
